 Dungeon Crawl Stone Soup version 0.31.0-11-ge490571c62 (webtiles) character file.

Game seed: 866500911898400367

2788 garrulousMonolith the Basher (level 9, -6/56 HPs)
             Began as a Gargoyle Fighter on Jan 30, 2024.
             Was a Follower of the Shining One.
             Killed from afar by a gargoyle (17 damage)
             ... with a stone arrow
             ... on level 7 of the Dungeon.
             The game lasted 00:12:03 (6680 turns).

garrulousMonolith the Basher (Gargoyle Fighter)     Turns: 6680, Time: 00:12:04

Health: -6/56      AC: 22    Str: 19 (20) XL:     9   Next: 71%
Magic:  0/12       EV:  7    Int:  8 (9)  God:    the Shining One [*.....]
Gold:   503        SH:  5    Dex:  8 (11) Spells: 8/8 levels left

rFire   + + +        H - +4 flail
rCold   . . .        c - +0 buckler
rNeg    + + +        F - +4 chain mail
rPois   ∞            i - +0 helmet "Zoifija" {rF+++ rN+++ Int-2}
rElec   +            (no cloak)
rCorr   .            (no gloves)
SInv    .            (no boots)
Will    .....        n - amulet of guardian spirit Stlth
                     (no ring)
HPRegen 0.29/turn    (no ring)
MPRegen 0.13/turn

%: guardian spirit
@: glowing, studying Air Magic
A: sickness immunity, AC +6, negative energy resistance 1, electricity
resistance, torment resistance 1, petrification resistance
a: Renounce Religion, Divine Shield


You were on level 7 of the Dungeon.
You worshipped the Shining One.
The Shining One was aware of your devotion.
You visited 1 branch of the dungeon, and saw 7 of its levels.
You also visited: Sewer.

You collected 564 gold pieces.
You spent 61 gold pieces at shops.

Inventory:

Hand Weapons
 B - a +5 shortbow
 H - a +4 flail (weapon)
Missiles
 y - 6 javelins (quivered)
Armour
 c - a +0 buckler (worn)
 i - the +0 helmet "Zoifija" (worn) {rF+++ rN+++ Int-2}
   (You found it on level 2 of the Dungeon)

   Int-2:     It affects your intelligence (-2).
   rF+++:     It renders you almost immune to fire.
   rN+++:     It renders you almost immune to negative energy.
 p - a +2 helmet
 F - a +4 chain mail (worn)
Jewellery
 n - an amulet of guardian spirit (around neck)
Wands
 b - a wand of polymorph (7)
 C - a wand of quicksilver (14)
Scrolls
 f - a scroll of noise {unknown}
 j - 3 scrolls of enchant armour
 m - 2 scrolls of enchant weapon
 o - 5 scrolls of teleportation
 s - a scroll of butterflies
 u - a scroll of identify
 v - 2 scrolls of fog {unknown}
 w - 3 scrolls of fear
 D - a scroll of silence {unknown}
 G - a scroll of blinking {unknown}
Potions
 a - 2 potions of experience {unknown}
 d - 4 potions of enlightenment
 e - a potion of ambrosia
 g - a potion of lignification {unknown}
 h - 3 potions of haste {unknown}
 k - 4 potions of mutation
 l - a potion of curing {unknown}
 q - 3 potions of brilliance
 t - a potion of heal wounds {unknown}
 z - 2 potions of degeneration
 E - a potion of attraction {unknown}


   Skills:
 + Level 6.7 Fighting
 * Level 8.0 Maces & Flails
 + Level 6.8 Armour
 - Level 0.1 Dodging
 + Level 6.5 Shields
 + Level 5.1 Invocations


You had 8 spell levels left.
You didn't know any spells.
Your spell library contained the following spells:

 Spells                   Type           Power      Damage    Failure   Level
 Necrotise                Necr           0%         1d4       98%         1
 Inner Flame              Hex/Fire       0%         N/A       100%        3
 Vampiric Draining        Necr           0%         2d6       100%        3
 Flame Wave               Conj/Fire      0%         2d4       100%        4
 Martyr's Knell           Necr/Summ      0%         N/A       100%        4
 Sticky Flame             Fire/Alch      0%         2d4       100%        4
 Curse of Agony           Necr           0%         N/A       100%        5
 Conjure Ball Lightning   Conj/Air       0%         3x3d6     100%        6
 Discord                  Hex            0%         N/A       100%        8
 Disjunction              Tloc           0%         N/A       100%        8


Dungeon Overview and Level Annotations

Branches:
Dungeon (7/15)              Sewer (visited)
 Temple: D:4-7

Altars:
Okawaru
Yredelemnul
The Shining One

Shops:
D:1 ?   D:2 ?   D:5 (


Innate Abilities, Weirdness & Mutations

You are immune to sickness and miasma.
Your stone body is resilient. (AC +6)
You are immune to poison.
You resist negative energy. (rN+)
You are resistant to electric shocks. (rElec)
You are resistant to unholy torment.
You are immune to petrification.


Message History

No target in view!
Found a hand axe.
Found an escape hatch in the floor.
There is an escape hatch in the floor here.
Found an escape hatch in the ceiling.
Found a stone staircase leading up.
A gargoyle comes into view. It is wielding a +0 mace.
There is an escape hatch in the ceiling here.
A gargoyle is nearby!
You start waiting.
A gargoyle is nearby!
There is an escape hatch in the ceiling here.
You hit the gargoyle but do no damage.
The gargoyle hurls a stone arrow at you.
The stone arrow hits you!!
You thump the gargoyle!
The gargoyle is heavily damaged.
The gargoyle closely misses you.
You hit the gargoyle.
The gargoyle is heavily damaged.
The gargoyle hurls a stone arrow at you.
The stone arrow hits you!!
* * * LOW HITPOINT WARNING * * *
You are too injured to fight recklessly!
You are too injured to fight recklessly!
You are too injured to fight recklessly!
You are too injured to fight recklessly!
You are too injured to fight recklessly!
You are too injured to fight recklessly!
You are too injured to fight recklessly!
You are too injured to fight recklessly!
You are too injured to fight recklessly!
You are too injured to fight recklessly!
You are too injured to fight recklessly!
You are too injured to fight recklessly!
It was a potion of degeneration.
There was something very wrong with that liquid.
You feel weakened.
You feel dopey.
You feel clumsy.
The gargoyle hurls a stone arrow at you.
The stone arrow hits you!!
You die...

#######.#
##.# #..#
#.## #.#
#.#
.######.###
..........#
#######.#.#
#.#@#
......9.<#
......#..#
#######..#
#..# #..#
#..# #..#


You could see a gargoyle.

Vanquished Creatures
  Pikel (D:4)
  A steam dragon (D:6)
  A water moccasin (D:6)
  A black bear (D:5)
  2 ice beasts (D:6)
  An ogre (D:4)
  An orc warrior (D:6)
  2 crocodiles (Sewer)
  A centaur (D:5)
  A phantom (D:5)
  A gnoll sergeant (D:5)
  A scorpion (D:5)
  4 wights (D:6)
  An orc priest (D:3)
  A bombardier beetle (D:6)
  5 hounds
  A jelly (D:7)
  4 iguanas
  Ijyb (D:5)
  A sleepcap (D:3)
  3 orc wizards
  A sickly merfolk siren (Sewer)
  A malarious merfolk avatar (Sewer)
  11 gnolls
  16 adders
  5 river rats
  A shadow imp (D:6)
  2 ufetubi (D:5)
  5 dart slugs
  7 ribbon worms
  19 orcs
  11 ball pythons
  4 bats
  7 endoplasms
  6 giant cockroaches
  9 goblins
  7 hobgoblins
  3 quokkas
  8 frilled lizards
  9 kobolds
  25 rats
192 creatures vanquished.

Notes
Turn   | Place    | Note
-------+----------+-------------------------------------------
     0 | D:1      | garrulousMonolith the Gargoyle Fighter began the quest for
                  | the Orb.
     0 | D:1      | Reached XP level 1. HP: 14/14 MP: 1/1
   164 | D:1      | Found Josumaesh's Magic Scroll Boutique.
   168 | D:1      | Bought a scroll of identify for 22 gold pieces
   288 | D:1      | Reached XP level 2. HP: 19/19 MP: 2/2
  1275 | D:2      | Reached XP level 3. HP: 22/23 MP: 1/3
  1489 | D:2      | Found Geillepp's Magic Scroll Boutique.
  1496 | D:2      | Bought a scroll of teleportation for 39 gold pieces
  1539 | D:2      | Reached skill level 3 in Maces & Flails
  1724 | D:2      | Reached XP level 4. HP: 29/29 MP: 4/4
  1777 | D:2      | Identified the +0 helmet "Zoifija" {rF+++ rN+++ Int-2}
  1952 | D:3      | Found a faded altar of an unknown god.
  2149 | D:3      | Reached skill level 1 in Invocations
  2149 | D:3      | Reached XP level 5. HP: 19/33 MP: 2/5
  2247 | D:3      | Reached skill level 4 in Maces & Flails
  2249 | D:3      | Reached XP level 6. HP: 28/38 MP: 4/7
  2280 | D:3      | Found a glowing drain.
  2285 | Sewer    | Entered a sewer
  2655 | Sewer    | Reached XP level 7. HP: 33/44 MP: 6/8
  3531 | D:4      | Reached skill level 5 in Maces & Flails
  3600 | D:4      | Found a glowing golden altar of the Shining One.
  3645 | D:4      | Reached skill level 5 in Armour
  3687 | D:4      | Became a worshipper of the Shining One
  4371 | D:5      | Entered Level 5 of the Dungeon
  4406 | D:5      | Reached skill level 5 in Fighting
  4420 | D:5      | Reached XP level 8. HP: 32/49 MP: 7/10
  4502 | D:5      | Noticed Pikel
  4516 | D:5      | Reached skill level 5 in Shields
  4557 | D:4      | Killed Pikel
  4558 | D:4      | Reached skill level 6 in Maces & Flails
  4835 | D:5      | Found an iron altar of Okawaru.
  4852 | D:5      | Noticed Ijyb
  4859 | D:5      | Killed Ijyb
  4897 | D:5      | Reached XP level 9. HP: 55/55 MP: 12/12
  4919 | D:5      | Reached skill level 7 in Maces & Flails
  5179 | D:5      | Found Siddates's Antique Weapon Shop.
  5831 | D:6      | Found a basalt altar of Yredelemnul.
  5904 | D:6      | Reached * piety under the Shining One
  6111 | D:6      | Reached skill level 5 in Invocations
  6349 | D:6      | Reached skill level 8 in Maces & Flails
  6671 | D:7      | Noticed a gargoyle
  6680 | D:7      | Killed from afar by a gargoyle

Illustrated notes

Levels and vault maps discovered:
D:1:      evilmike_arrival_rings, layout_basic, serial_shops,
          nicolae_shop_window_shopping, minmay_domino_4
D:2:      layout_loops_cross, serial_shops,
          nicolae_shop_temple_entry_statues_fountains
D:3:      layout_loops_ring, chequers_ecumenical_altar_simple,
          lightli_sewer_entry_pipes, nicolae_elevator_lobby_asterisk
D:4:      layout_rooms, amcnicky_altar_gilded
D:5:      layout_loops_cross, okawaru_trees_2, serial_shops, shop, uniq_ijyb,
          uniq_pikel
D:6:      lemuel_ice_spiral_2, layout_basic, mainiacjoe_overflow_chevrons,
          minmay_manual_macuahuitl
D:7:      layout_loops_ring, minmay_temple_entry_proselytizer,
          hangedman_decor_points, hangedman_abyss_or_decor_lesser_grid

Skill      XL: |  1  2  3  4  5  6  7  8  9 |
---------------+----------------------------+-----
Maces & Flails | 3 4 5 6 8 |  8.0
Armour         | 4 5 6 |  6.8
Fighting       | 4 5 6 |  6.7
Invocations    | 1 2 3 4 5 |  5.1
Shields        | 4 5 6 |  6.5
Dodging        | |  0.1

Action                     |  1- 3 |  4- 6 |  7- 9 || total
---------------------------+-------+-------+-------++-------
  Melee: Flail             |    91 |   302 |   388 ||   781
  Throw: Javelin           |       |       |     1 ||     1
 Invoke: Divine Shield     |       |       |     1 ||     1
  Evoke: Wand              |       |       |     2 ||     2
    Use: Potion            |       |     1 |     4 ||     5
         Scroll            |       |     2 |     5 ||     7
 Armour: Scale mail        |    61 |   223 |   153 ||   437
         Ring mail         |       |       |   186 ||   186
         Chain mail        |       |       |    44 ||    44
  Dodge: Dodged            |    44 |   154 |   209 ||   407
  Block: Buckler           |    14 |    72 |   108 ||   194
